AoeStats
← Alphonse

Nomad

510448105Analyzed
3v3 RM · 15h ago on Oct 1, 2026· 37m 46s· 6 players
Game mode
Random Map
Map size
210×210
Population
200
Speed
Normal
Resources
Standard
Victory
Conquest
Starting age
Dark Age
Ending age
Imperial Age
RankedLock teamsTeams togetherTeam positionsShared explorationLock speedFull tech treeHidden civsTurbo modeCheats
Victory
Defeat
🇨🇱 Teutons · Chile
954
+16
🇦🇺 Huns · Australia
932
+18
🇦🇺 Inca · Australia
931
+17
🇦🇷 Spanish · Argentina
957
-49
🇦🇷 Mongols · Argentina
957
-49
🇦🇷 Portuguese · Argentina
957
-49
Bopp77
6:08 Loom
14:48 Feudal Age
21:10 Castle Age
19:01 Fishing Lines
21:40 Pikeman
22:49 Crossbowman
26:07 Gillnets
31:27 Double-Bit Axe
33:54 Stone Mining
35:30 Ballistics
35:21 Squires
36:06 Wheelbarrow
40:05 Imperial Age
Crazy Rocket Sodawala of Ajmer
14:51 Feudal Age
14:20 Loom
20:38 Fishing Lines
23:55 Castle Age
22:15 Double-Bit Axe
23:33 Wheelbarrow
24:49 Bloodlines
24:54 Gillnets
27:47 Scale Barding Armor
27:53 Forging
28:54 Chain Barding Armor
29:26 Gold Mining
30:35 Iron Casting
36:57 Gold Shaft Mining
36:27 Marauders
K10
14:55 Feudal Age
15:34 Double-Bit Axe
15:30 Horse Collar
16:29 Wheelbarrow
21:23 Castle Age
19:24 Gold Mining
19:24 Stone Mining
23:49 Champi Runner
24:37 Thumb Ring
24:24 Fletching
25:34 Champi Warrior
27:59 Bow Saw
27:49 Heavy Plow
30:10 Forging
29:55 Bodkin Arrow
30:48 Squires
30:34 Arson
31:53 Hand Cart
32:13 Scale Mail Armor
32:13 Padded Archer Armor
32:57 Pikeman
36:31 Guard Tower
37:01 Ballistics
36:47 Town Watch
jsu
15:51 Feudal Age
14:24 Loom
16:09 Feudal Age
17:04 Double-Bit Axe
17:36 Man-at-Arms
18:05 Horse Collar
18:39 Fishing Lines
21:06 Wheelbarrow
20:52 Arson
28:37 Castle Age
27:32 Forging
28:19 Scale Mail Armor
29:52 Gold Mining
29:54 Stone Mining
30:35 Bow Saw
30:26 Heavy Plow
31:06 Fletching
Alphonse
17:08 Feudal Age
18:15 Man-at-Arms
19:00 Gold Mining
18:58 Double-Bit Axe
21:12 Wheelbarrow
25:11 Forging
28:11 Castle Age
26:19 Scale Mail Armor
26:38 Fishing Lines
29:49 Long Swordsman
31:20 Gambesons
Cacho12346098
10:35 Loom
14:47 Feudal Age
15:44 Man-at-Arms
19:12 Forging
21:55 Horse Collar
23:34 Fishing Lines
28:53 Castle Age
34:39 Bloodlines
34:30 Husbandry
35:23 Wheelbarrow
Connection lost

Rejoining the realm…

Still unreachable

The connection could not be restored.

Session expired

The server has moved on; the page needs a fresh start.